 Dungeon Crawl Stone Soup version 0.28.0-43-g3370ac3207 (webtiles) character file.

Game seed: 2017785835546073249

2706 buriedalive the Nimble (level 9, -2/47 HPs)
             Began as a Deep Elf Ice Elementalist on Mar 7, 2022.
             Was an Initiate of Ashenzari.
             Slain by a centaur warrior zombie (3 damage)
             ... on level 6 of the Dungeon on Mar 8, 2022.
             The game lasted 00:19:32 (10945 turns).

buriedalive the Nimble (Deep Elf Ice Elementalist) Turns: 10945, Time: 00:19:33

Health: -2/47      AC: 13    Str:  5    XL:     9   Next: 39%
Magic:  12/17      EV: 17    Int: 25    God:    Ashenzari [......]
Gold:   329        SH:  0    Dex: 15    Spells: 9/16 levels left

rFire   . . .      SeeInvis .   l - +1 dagger "I Knew You'd Do That" {flame, Evo, Comp} (curse)
rCold   . . .      Faith    .   (no shield)
rNeg    . . .      Spirit   .   a - +2 robe
rPois   .          Reflect  .   (no helmet)
rElec   .          Harm     .   r - scarf {shadows}
rCorr   .          Rampage  .   (no gloves)
Will    .....                   (no boots)
Stlth   ++........              (no amulet)
HPRegen 0.15/turn               (no ring)
MPRegen 0.15/turn               (no ring)

@: ice-armoured
A: no striking features
a: Renounce Religion, Shatter the Chains


You were on level 6 of the Dungeon.
You worshipped Ashenzari.
Ashenzari was noncommittal.
You visited 2 branches of the dungeon, and saw 9 of its levels.
You also visited: Ossuary.

You collected 329 gold pieces.

Inventory:

Hand Weapons
 c - a +0 dagger
 l - the cursed +1 dagger "I Knew You'd Do That" (weapon) {flame, Evo, Comp}
   (You took it off Dowan on level 5 of the Dungeon)

   It burns those it strikes, dealing additional fire damage.
   It has a curse which improves the following skills: Evocations: Evocations.
   Companions: Summonings and Necromancy.
 o - a +2 dagger of freezing
Missiles
 b - 240 stones
 e - 20 poisoned darts
 i - a throwing net
Armour
 a - a +2 robe (worn)
 r - a scarf of shadows (worn)
Wands
 k - a wand of polymorph (7)
 w - a wand of acid (7)
Scrolls
 d - 2 scrolls of amnesia
 f - 2 scrolls of magic mapping
 g - a scroll of immolation
 h - 10 scrolls of teleportation
 j - 5 scrolls of identify
 n - a scroll of blinking {unknown}
Potions
 m - a potion of haste
 p - a potion of invisibility
 q - 2 potions of lignification
 s - a potion of brilliance
 t - a potion of might {unknown}
 u - 2 potions of cancellation
 v - a potion of attraction {unknown}


   Skills:
 + Level 1.5 Fighting
 - Level 10.8 Dodging
 - Level 2.4 Stealth
 + Level 4.1 Spellcasting
 - Level 10.6 Ice Magic


You had 9 spell levels left.
You knew the following spells:

 Your Spells              Type           Power      Damage    Failure   Level
a - Freeze                Ice            100%       1d11      1%          1
b - Ozocubu's Armour      Ice            55%        N/A       1%          3
c - Frozen Ramparts       Ice            100%       1d12      1%          3

Your spell library contained the following spells:

 Spells                   Type           Power      Damage    Failure   Level
 Shock                    Conj/Air       20%        1d4       9%          1
 Summon Small Mammal      Summ           20%        N/A       9%          1
 Hailstorm                Conj/Ice       31%        3d8       10%         4
 Call Canine Familiar     Summ           5%         N/A       26%         3
 Summon Guardian Golem    Hex/Summ       5%         N/A       26%         3
 Swiftness                Air            5%         N/A       26%         3
 Airstrike                Air            2%         N/A       65%         4


Dungeon Overview and Level Annotations

Branches:
Dungeon (8/15)             Temple (1/1) D:5            Lair (0/6) D:8
Ossuary (visited)

Altars:
Ashenzari
Dithmenos
Elyvilon
Fedhas
Gozag
Hepliaklqana
Nemelex Xobeh
Okawaru
Qazlal
Ru
Sif Muna
Trog
Uskayaw
Wu Jian
Yredelemnul
Zin


Message History

The centaur warrior zombie kicks you but does no damage.
Unknown command.
You barely miss the centaur warrior zombie.
The centaur warrior zombie is heavily damaged.
The centaur warrior zombie hits you but does no damage.
The centaur warrior zombie misses you.
Unknown command.
You hit the centaur warrior zombie. You burn the centaur warrior zombie.
The centaur warrior zombie is heavily damaged.
The centaur warrior zombie hits you!
* * * LOW HITPOINT WARNING * * *
The centaur warrior zombie misses you.
The centaur warrior zombie barely misses you.
The centaur warrior zombie closely misses you.
You hit the centaur warrior zombie. You burn the centaur warrior zombie.
The centaur warrior zombie is heavily damaged.
The centaur warrior zombie hits you!
* * * LOW HITPOINT WARNING * * *
The centaur warrior zombie completely misses you.
Unknown command.
You hit the centaur warrior zombie. You burn the centaur warrior zombie.
The centaur warrior zombie is heavily damaged.
The centaur warrior zombie barely misses you. x2
Unknown command.
You hit the centaur warrior zombie. You burn the centaur warrior zombie.
The centaur warrior zombie is severely damaged.
The centaur warrior zombie completely misses you.
The centaur warrior zombie kicks you but does no damage.
Unknown command.
Okay, then.
Okay, then.
Casting: Ozocubu's Armour (safe; 1% risk of failure)
Confirm with . or Enter, or press ? or * to list all spells.
Aiming: Freeze (safe; 1% risk of failure)
Press: ? - help, Shift-Dir - straight line, f/p - centaur warrior zombie
Aim: a centaur warrior zombie (severely damaged)
You freeze the centaur warrior zombie.
The centaur warrior zombie resists.
The centaur warrior zombie is severely damaged.
The centaur warrior zombie hits you.
You die...

#.###.......#
#.#........#
#..........#
#.........##
#...#....######
##..........##.##
###............#...
#......##..........
##@................
#Z###.............
#..#........).#...
##..##.........####
###..##.........##
.....###.#.[.....#
.....##.#†......# #
#................
##.
###....#........##


You could see a centaur warrior zombie.

Vanquished Creatures
  A wyvern (D:8)
  2 vampire mosquitoes (D:8)
  2 wargs (D:8)
  Menkaure (D:5)
  An acid dragon (D:8)
  Duvessa (D:5)
  3 black bears
  An orc warrior (D:8)
  An ogre (D:5)
  2 kobold brigands
  A bullfrog (D:4)
  A scorpion (D:4)
  A water moccasin zombie (D:5)
  Dowan (D:5)
  A howler monkey (D:5)
  A centaur zombie (D:6)
  2 hounds
  4 orc priests
  A bullfrog skeleton (D:5)
  A jelly (D:4)
  2 iguanas (D:5)
  5 orc wizards
  Ijyb (D:3)
  A hound zombie (D:5)
  13 mummies (Ossuary)
  A hound skeleton (D:5)
  4 gnolls (D:2)
  A howler monkey skeleton (D:6)
  3 adders
  2 ufetubi (D:5)
  2 adder skeletons (D:4)
  2 worms
  19 orcs
  8 endoplasms
  5 giant cockroaches
  4 goblins
  4 hobgoblins
  8 jackals
  2 quokkas
  4 ball pythons
  6 bats
  5 frilled lizards
  2 gnoll skeletons (Ossuary)
  A goblin skeleton (Ossuary)
  12 kobolds
  3 kobold skeletons (Ossuary)
  2 orc skeletons (Ossuary)
  4 rats
  11 rat skeletons (Ossuary)
166 creatures vanquished.

Notes
Turn   | Place    | Note
-------+----------+-------------------------------------------
     0 | D:1      | buriedalive the Deep Elf Ice Elementalist began the quest
                  | for the Orb.
     0 | D:1      | Reached XP level 1. HP: 10/10 MP: 6/6
   777 | D:1      | Reached XP level 2. HP: 15/15 MP: 5/8
  1595 | D:2      | Reached skill level 5 in Ice Magic
  1595 | D:2      | Reached XP level 3. HP: 18/19 MP: 9/9
  2269 | D:2      | Learned a level 3 spell: Ozocubu's Armour
  2273 | D:2      | Learned a level 3 spell: Frozen Ramparts
  2294 | D:2      | Reached XP level 4. HP: 24/24 MP: 0/10
  2731 | D:2      | HP: 1/24 [poisoned by an adder]
  3531 | D:3      | Found a faded altar of an unknown god.
  4379 | D:3      | Noticed Ijyb
  4388 | D:3      | Killed Ijyb
  4389 | D:3      | Reached XP level 5. HP: 21/28 MP: 6/11
  4886 | D:4      | Reached skill level 5 in Dodging
  5106 | D:4      | Reached XP level 6. HP: 27/32 MP: 7/12
  5353 | D:4      | Found a white marble altar of Elyvilon.
  6333 | D:4      | Reached XP level 7. HP: 33/36 MP: 1/13
  6548 | D:5      | Entered Level 5 of the Dungeon
  6634 | D:5      | Noticed Dowan
  6645 | D:5      | Killed Dowan
  6676 | D:5      | Noticed Duvessa
  6682 | D:5      | Killed Duvessa
  7085 | D:5      | Found a sand-covered staircase.
  7091 | Ossuary  | Entered an ossuary
  8541 | D:5      | Reached XP level 8. HP: 20/41 MP: 5/14
  8914 | D:5      | Found a staircase to the Ecumenical Temple.
  8932 | Temple   | Entered the Ecumenical Temple
  9066 | Temple   | Became a worshipper of Ashenzari the Shackled
  9326 | D:5      | Identified the +8 spear of Koim Zuucu {pain, Will+ Dex+4}
  9467 | D:5      | Noticed Menkaure
  9489 | D:5      | Killed Menkaure
  9743 | D:6      | You fall into a shaft and drop 2 floors!
  9808 | D:8      | Found a staircase to the Lair.
  9825 | D:8      | Reached skill level 10 in Dodging
  9825 | D:8      | Reached skill level 10 in Ice Magic
  9829 | D:8      | Reached XP level 9. HP: 33/45 MP: 2/15
 10764 | D:6      | Reached skill level 1 in Fighting
 10942 | D:6      | HP: 1/47 [centaur warrior zombie (8)]
 10945 | D:6      | Slain by a centaur warrior zombie

Illustrated notes

Levels and vault maps discovered:
D:1:      lemuel_arrival_cross, layout_loops_ring
D:2:      layout_loops_corners
D:3:      layout_loops_corners, hellmonk_ecumenical_altar_zigzags,
          small_statue_intersection, uniq_ijyb
D:4:      black_bear_nest_1, layout_gridville, elyvilon_altar_5,
          cheibrodos_sewer_entry_drain
D:5:      layout_rooms, minmay_temple_entry_slanted, enter_ossuary_2,
          uniq_duvessa, uniq_menkaure
D:6:      layout_cave_pools, minmay_joined_circles, uniq_grinder,
          uniq_crazy_yiuf_cottage
D:7:      layout_gridville, mainiacjoe_overflow_24_doors,
          mainiacjoe_overflow_concentric_impassable,
          grunt_temple_overflow_lords_of_destruction, minmay_liquid_box,
          st_stairs_4, uniq_joseph
D:8:      layout_loops_corners, nicolae_tso_besieged_by_evil,
          kennysheep_little_box, erik_lair_orcish_takeover,
          minmay_pinched_square
Temple:   regret_index_temple_waves

Skill      XL: |  1  2  3  4  5  6  7  8  9 |
---------------+----------------------------+-----
Dodging        | 3 4 5 6 8 10 | 10.8
Ice Magic      | 5 6 7 8 10 | 10.6
Fighting       | 1 |  1.5
Spellcasting   | 4 |  4.1
Stealth        | |  2.4

Action                   |  1- 3 |  4- 6 |  7- 9 || total
-------------------------+-------+-------+-------++-------
Melee: Unarmed           |     3 |       |       ||     3
       Dagger            |    35 |   120 |   275 ||   430
       Punch             |       |     3 |     7 ||    10
 Cast: Freeze            |    42 |    36 |    19 ||    97
       Ozocubu's Armour  |     2 |     4 |    12 ||    18
       Frozen Ramparts   |     1 |     8 |    39 ||    48
Invok: Curse Item        |       |       |     1 ||     1
  Use: Potion            |       |     2 |     3 ||     5
       Scroll            |       |       |    12 ||    12
 Stab: Sleeping          |     7 |     3 |     2 ||    12
Armor: Robe              |    11 |    30 |    84 ||   125
Dodge: Dodged            |    40 |   144 |   213 ||   397
